 Dungeon Crawl Stone Soup version 0.18.1-48-g4cf74bf (webtiles) character file.

547 tyranidshit the Fighter (level 7, -2/62 HPs)
             Began as a Demonspawn Abyssal Knight on Sept 8, 2016.
             Was a Priest of Lugonu.
             Shot with an arrow by a centaur (7 damage)
             ... on level 5 of the Dungeon.
             The game lasted 00:10:48 (3384 turns).

tyranidshit the Fighter (Demonspawn Abyssal Knight) Turns: 3384, Time: 00:10:49

Health: -2/62      AC: 10    Str: 15    XL:     7   Next: 7%
Magic:  8/8        EV:  9    Int: 13    God:    Lugonu [***...]
Gold:   171        SH:  0    Dex: 12    Spells: 0 memorised, 6 levels left

rFire  . . .     SeeInvis .     a - +1 hand axe
rCold  . . .     Gourm    .     h - +0 chain mail
rNeg   . . .     Faith    .     (no shield)
rPois  .         Spirit   .     e - +1 helmet
rElec  .         Dismiss  .     (no cloak)
rCorr  .         Reflect  .     (no gloves)
SustAt .         Harm     .     (no boots)
MR     +....                    (no amulet)
Stlth  ..........               (no ring)
                                l - ring of protection from magic

@: somewhat resistant to hostile enchantments, extremely unstealthy
A: repulsion field 2, demonic guardian 1, foul stench 2, rot immunity
a: Depart the Abyss, Bend Space, Banish, Renounce Religion


You were on level 5 of the Dungeon.
You worshipped Lugonu.
Lugonu was most pleased with you.
You were not hungry.

You visited 1 branch of the dungeon, and saw 5 of its levels.
You visited the Abyss 1 time.

You collected 171 gold pieces.

Inventory:

Hand Weapons
 a - a +1 hand axe (weapon)
Armour
 b - a +0 leather armour
 e - a +1 helmet (worn)
 h - a +0 chain mail (worn)
 i - a +0 helmet
Jewellery
 l - a ring of protection from magic (left hand)
Wands
 m - a wand of slowing (6/48)
Scrolls
 f - 3 scrolls of identify
 g - 2 scrolls of remove curse
Potions
 d - a potion of curing
 o - 2 potions of cancellation {unknown}
Comestibles
 c - 3 bread rations
 j - a beef jerky
 k - 3 meat rations


   Skills:
 + Level 8.1 Fighting
 - Level 1.7 Axes
 - Level 1.7 Armour
 - Level 0.8 Dodging
 - Level 2.4 Invocations


You had 6 spell levels left.
You didn't know any spells.

Dungeon Overview and Level Annotations

Branches:
Dungeon (5/15)
 Temple: D:4-7

Altars:
Fedhas
Pakellas
Yredelemnul
Zin

Annotations:
D:4 Ladykiller69's ghost, novice FoFi


Innate Abilities, Weirdness & Mutations

You are surrounded by a moderate repulsion field (EV +3).
A weak demonic guardian rushes to your aid.
You frequently emit foul miasma when damaged in melee.
You are immune to rotting.


Message History

The centaur shoots an arrow.
The arrow hits you.
* * * LOW HITPOINT WARNING * * *
You see here an arrow.
The centaur shoots an arrow.
The arrow hits you.
* * * LOW HITPOINT WARNING * * *
The centaur shoots an arrow.
The arrow hits you but does no damage.
You see here 2 arrows.
Your iron imp disappears in a puff of smoke!
The centaur shoots an arrow.
The arrow hits you.
* * * LOW HITPOINT WARNING * * *
You see here an arrow.
The centaur shoots an arrow.
The arrow hits you.
* * * LOW HITPOINT WARNING * * *
You see here an arrow.
Your ufetubus hits the hippogriff. x2
The centaur shoots an arrow.
The arrow hits you but does no damage.
Your ufetubus hits the hippogriff.
Your ufetubus hits the hippogriff but does no damage.
The centaur shoots an arrow.
The arrow hits you!
You die...

..... #..(.........
..... #............#
....###(.c........##.
#....(.............
#####..................
.......5(.....##...... #
.......(..##...........#
######.H..........####..
#.@................
#..................
#..####............ #..#
#.....>.....# #..#
#######...#### #..#
#............# #...
.............. #...
..............
..............


You could see a hippogriff, a centaur and a friendly ufetubus.

Vanquished Creatures
  A sky beast (D:4)
  An ogre (D:4)
  A howler monkey (D:5)
  An orc priest (D:3)
  An orc wizard (D:3)
  Jessica (D:3)
  A worker ant (D:5)
  A hound skeleton (D:5)
  4 adders
  4 gnolls
  An ooze (D:3)
  A worm (D:3)
  A dart slug (D:2)
  3 giant geckos
  11 orcs
  2 giant cockroaches (D:1)
  9 hobgoblins
  14 jackals
  3 kobolds
  2 ball pythons
  7 bats
  7 giant newts
  10 goblins
  5 rats
92 creatures vanquished.

Vanquished Creatures (collateral kills)
  A giant frog (D:5)
  A jelly (D:5)
2 creatures vanquished.

Vanquished Creatures (others)
  The ghost of tyranidshit the Skirmisher, an amateur DsAK of Lugonu (D:3)
  A kobold (D:3)
2 creatures vanquished.

Grand Total: 96 creatures vanquished

Notes
Turn   | Place    | Note
--------------------------------------------------------------
     0 | Abyss:1  | tyranidshit the Demonspawn Abyssal Knight began the quest for the Orb.
     0 | Abyss:1  | Reached XP level 1. HP: 18/18 MP: 2/2
    31 | Abyss:1  | Noticed a worker ant
    31 | Abyss:1  | Noticed a wasp
    31 | Abyss:1  | Noticed a worker ant
    31 | Abyss:1  | Noticed a wasp
    31 | Abyss:1  | Noticed a worker ant
    31 | Abyss:1  | Noticed a worker ant
    31 | Abyss:1  | Noticed a worker ant
    31 | Abyss:1  | Noticed a wasp
    31 | Abyss:1  | Noticed a worker ant
    31 | Abyss:1  | Noticed an emperor scorpion
    31 | Abyss:1  | Noticed a worker ant
    31 | Abyss:1  | Noticed a worker ant
    31 | Abyss:1  | Noticed a wasp
    31 | Abyss:1  | Noticed a wasp
    31 | Abyss:1  | Noticed a worker ant
    31 | Abyss:1  | Noticed a worker ant
    31 | Abyss:1  | Noticed a worker ant
    31 | Abyss:1  | Noticed a wasp
    31 | Abyss:1  | Noticed a worker ant
    32 | Abyss:1  | Noticed a wasp
    32 | Abyss:1  | Noticed a wasp
    32 | Abyss:1  | Noticed a worker ant
    32 | Abyss:1  | Noticed a worker ant
    32 | Abyss:1  | Noticed a vampire mosquito
    33 | D:1      | Escaped the Abyss
   224 | D:1      | Reached * piety under Lugonu
   244 | D:1      | Gained mutation: You are surrounded by a mild repulsion field (EV +2). [demonic ancestry]
   244 | D:1      | Reached XP level 2. HP: 22/24 MP: 3/3
   559 | D:1      | Reached skill level 4 in Fighting
   700 | D:2      | Gained mutation: You are immune to rotting. [demonic ancestry]
   700 | D:2      | Reached XP level 3. HP: 27/30 MP: 4/4
   897 | D:2      | Reached ** piety under Lugonu
  1089 | D:2      | Gained mutation: You may emit foul miasma when damaged in melee. [demonic ancestry]
  1089 | D:2      | Reached XP level 4. HP: 38/38 MP: 5/5
  1175 | D:2      | Reached skill level 5 in Fighting
  1399 | D:2      | Found a blossoming altar of Fedhas.
  1607 | D:2      | Found a glowing silver altar of Zin.
  2032 | D:3      | Killed tyranidshit's ghost
  2170 | D:3      | Gained mutation: You are surrounded by a moderate repulsion field (EV +3). [demonic ancestry]
  2170 | D:3      | Reached XP level 5. HP: 28/46 MP: 6/6
  2192 | D:3      | Found a basalt altar of Yredelemnul.
  2327 | D:3      | Found a faded altar to an unknown god.
  2409 | D:3      | Reached skill level 6 in Fighting
  2418 | D:3      | Reached *** piety under Lugonu
  2552 | D:3      | Noticed Jessica
  2557 | D:3      | Killed Jessica
  2699 | D:3      | Gained mutation: A weak demonic guardian rushes to your aid. [demonic ancestry]
  2699 | D:3      | Reached XP level 6. HP: 33/53 MP: 7/7
  2888 | D:4      | Noticed a sky beast
  2918 | D:4      | Killed a sky beast
  2918 | D:4      | Reached skill level 7 in Fighting
  3150 | D:4      | Found a blossoming altar of Fedhas.
  3224 | D:4      | Noticed Ladykiller69's ghost (novice FoFi)
  3253 | D:5      | Entered Level 5 of the Dungeon
  3287 | D:5      | Found an oddly glowing altar of Pakellas.
  3332 | D:5      | Reached skill level 8 in Fighting
  3343 | D:5      | Noticed a hippogriff
  3362 | D:5      | Gained mutation: You frequently emit foul miasma when damaged in melee. [demonic ancestry]
  3362 | D:5      | Reached XP level 7. HP: 34/62 MP: 8/8
  3384 | D:5      | Shot with an arrow by a centaur

Skill      XL: |  1  2  3  4  5  6 |
---------------+-------------------+-----
Fighting       | 4 5 6 8 |  8.1
Axes           | |  1.7
Armour         | |  1.7
Dodging        | |  0.8
Invocations    | |  2.4

Action                   |  1- 3 |  4- 6 |  7- 9 || total
-------------------------+-------+-------+-------++-------
Melee: Hand axe          |   143 |   224 |       ||   367
Invok: Depart the Abyss  |     1 |       |       ||     1
  Use: Scroll            |     6 |     2 |     1 ||     9
       Potion            |     2 |     2 |       ||     4
 Stab: Distracted        |       |     1 |       ||     1
  Eat: Bread ration      |     1 |     1 |       ||     2
Armor: Leather armour    |    12 |       |       ||    12
       Chain mail        |   104 |   153 |     8 ||   265
Dodge: Dodged            |   102 |   117 |    11 ||   230
